 Dungeon Crawl Stone Soup version 0.20.0-15-g7f486f2 (webtiles) character file.

353 Deathclocker the Conjurer (level 6, -2/32 HPs)
             Began as a Deep Elf Fire Elementalist on June 10, 2017.
             Was an Initiate of Vehumet.
             Killed from afar by an orc wizard (12 damage)
             ... with a puff of frost
             ... on level 4 of the Dungeon.
             The game lasted 00:06:41 (3664 turns).

Deathclocker the Conjurer (DEFE)                    Turns: 3664, Time: 00:06:41

Health: -2/32      AC:  4    Str:  5    XL:     6   Next: 35%
Magic:  3/15       EV: 13    Int: 22    God:    Vehumet [......]
Gold:   186        SH:  6    Dex: 15    Spells: 7/15 levels left

rFire    . . .     SeeInvis .   m - +1 dagger (vamp)
rCold    . . .     Gourm    .   (no shield)
rNeg     . . .     Faith    .   a - +0 robe
rPois    .         Spirit   .   q - +0 helmet (curse)
rElec    .         Reflect  +   (no cloak)
rCorr    .         Harm     .   j - +0 pair of gloves
MR       .....                  (no boots)
Stlth    ++........             t - +6 amulet of reflection
Regen    0.1/turn               (no ring)
MPRegen  0.2/turn               (no ring)

@: very slightly contaminated
A: no striking features
a: Renounce Religion


You were on level 4 of the Dungeon.
You worshipped Vehumet.
Vehumet was noncommittal.
You were not hungry.

You visited 1 branch of the dungeon, and saw 4 of its levels.

You collected 186 gold pieces.

Inventory:

Hand Weapons
 m - a +1 vampiric dagger (weapon)
Armour
 a - a +0 robe (worn)
 j - a +0 pair of gloves (worn)
 q - a cursed +0 helmet (worn)
Jewellery
 t - a +6 amulet of reflection (around neck)
Wands
 r - a wand of flame (18/48)
Scrolls
 c - 2 scrolls of teleportation {unknown}
 h - 3 scrolls of identify {unknown}
 i - a scroll of amnesia {unknown}
 n - 2 scrolls of remove curse {unknown}
 p - a scroll of enchant weapon {unknown}
 s - a scroll of fog {unknown}
 v - a scroll of immolation {unknown}
 y - a scroll of enchant armour {unknown}
Potions
 e - a potion of mutation {unknown}
 f - 3 potions of curing {unknown}
 g - a potion of haste {unknown}
 l - a potion of flight {unknown}
 o - a potion of berserk rage {unknown}
 w - a potion of resistance {unknown}
 x - a potion of degeneration {unknown}
Books
 b - a book of Flames

   Spells                             Type                      Level
   a - Flame Tongue                   Conjuration/Fire             1
   b - Throw Flame                    Conjuration/Fire             2
   c - Conjure Flame                  Conjuration/Fire             3
   d - Inner Flame                    Hexes/Fire                   3
   e - Sticky Flame                   Conjuration/Fire             4
   f - Fireball                       Conjuration/Fire             5
Comestibles
 d - a royal jelly
 k - 4 fruits
 u - 2 bread rations
 z - a chunk of flesh


   Skills:
 - Level 2.4 Dodging
 - Level 2.4 Stealth
 + Level 5.0 Spellcasting
 * Level 5.2 Conjurations
 + Level 4.7 Fire Magic


You had 7 spell levels left.
You knew the following spells:

 Your Spells              Type           Power        Failure   Level  Hunger
a - Flame Tongue          Conj/Fire      ####.        1%          1    None
b - Conjure Flame         Conj/Fire      ####....     3%          3    ##.....
c - Sticky Flame          Conj/Fire      ####....     13%         4    ####...


Dungeon Overview and Level Annotations

Branches:
Dungeon (4/15)
 Temple: D:4-7

Altars:
Elyvilon
Fedhas
Nemelex Xobeh
Vehumet
The Shining One


Message History

Wisps of smoke drift from your hands. The orc misses you.
Casting: Flame Tongue
Confirm with . or Enter, or press ? or * to list all spells.
Aiming: Flame Tongue
Press: ? - help, Shift-Dir - straight line, f/p - orc
Aim: an orc, wearing a scale mail (heavily wounded)
The flame tongue hits the orc.
You kill the orc!
Vehumet accepts your kill.
Casting: Flame Tongue
Confirm with . or Enter, or press ? or * to list all spells.
Aiming: Flame Tongue
Press: ? - help, Shift-Dir - straight line, f - orc
Aim: an orc, wielding a mace and wearing a runed ring mail The flame tongue hits the orc.
The orc resists.
The orc is heavily wounded.
You hear some strange, mumbled words.
A puff of frost appears from out of thin air!
The puff of frost hits you!
You die...

###### .....#
############
####.###........@.#
#.##.....#####[#
#.##..#)..## #o#######
#.##.......###........
####......>......†.......
......#.......##...(#....
#.##.##..#...##>...## ...
#.##..............## ..
......###..####.... .


You could see an orc.

Vanquished Creatures
  The ghost of Deathclocker the Magician, an amateur DEFE (D:3)
  A wyvern skeleton (D:4)
  A hound (D:4)
  An orc priest (D:3)
  An iguana (D:4)
  An orc wizard (D:3)
  A worker ant (D:4)
  2 adders
  An ooze (D:2)
  3 worms
  2 dart slugs (D:1)
  4 leopard geckos (D:3)
  4 orcs
  7 bats
  2 giant cockroaches
  8 goblins
  7 hobgoblins
  11 kobolds
  A quokka (D:3)
  3 frilled lizards
  5 rats
67 creatures vanquished.

Notes
Turn   | Place    | Note
-------+----------+-------------------------------------------
     0 | D:1      | Deathclocker the Deep Elf Fire Elementalist began the quest for the Orb.
     0 | D:1      | Reached XP level 1. HP: 10/10 MP: 6/6
   150 | D:1      | Reached XP level 2. HP: 3/15 MP: 0/8
   836 | D:1      | Reached XP level 3. HP: 19/19 MP: 5/9
   841 | D:1      | Learned a level 3 spell: Conjure Flame
  1167 | D:2      | Found a glowing golden altar of the Shining One.
  1169 | D:2      | Found a white marble altar of Elyvilon.
  1302 | D:2      | Found a faded altar of an unknown god.
  1460 | D:2      | Found a blossoming altar of Fedhas.
  2038 | D:3      | Noticed Deathclocker's ghost (amateur DEFE)
  2067 | D:3      | Killed Deathclocker's ghost
  2067 | D:3      | Reached XP level 4. HP: 24/24 MP: 0/12
  2284 | D:3      | Reached XP level 5. HP: 28/28 MP: 10/13
  2394 | D:3      | Found a radiant altar of Vehumet.
  2410 | D:3      | Became a worshipper of Vehumet
  2693 | D:3      | Found a sparkling altar of Nemelex Xobeh.
  2745 | D:3      | Learned a level 4 spell: Sticky Flame
  3439 | D:4      | Reached skill level 5 in Conjurations
  3439 | D:4      | Reached XP level 6. HP: 32/32 MP: 7/15
  3520 | D:4      | Reached skill level 5 in Spellcasting
  3664 | D:4      | Killed from afar by an orc wizard

Skill      XL: |  1  2  3  4  5  6 |
---------------+-------------------+-----
Conjurations   | 2 4 5 |  5.2
Spellcasting   | 4 5 |  5.0
Fire Magic     | 4 |  4.7
Dodging        | |  2.4
Stealth        | |  2.4

Action                   |  1- 3 |  4- 6 || total
-------------------------+-------+-------++-------
Melee: Unarmed           |     4 |       ||     4
       Dagger            |    20 |    10 ||    30
 Cast: Flame Tongue      |    72 |    68 ||   140
       Conjure Flame     |     1 |     1 ||     2
  Eat: Fruit             |     3 |       ||     3
       Bread ration      |     1 |       ||     1
       Chunk             |     1 |     5 ||     6
Armor: Robe              |     4 |    13 ||    17
Dodge: Dodged            |    27 |    32 ||    59
Block: Other             |       |     9 ||     9
       Reflection        |       |     1 ||     1
